 Dungeon Crawl Stone Soup version 0.25.1-8-g42b30a86e7 (webtiles) character file.

Game seed: 2808459007351200910

140 H0rd4k the Magician (level 5, -2/28 HPs)
             Began as a Deep Elf Wizard on Dec 2, 2020.
             Was an Initiate of Gozag.
             Slain by an orc wizard
             ... wielding a +0 dagger
              (5 damage)
             ... on level 3 of the Dungeon.
             The game lasted 00:05:26 (3587 turns).

H0rd4k the Magician (Deep Elf Wizard)               Turns: 3587, Time: 00:05:26

Health: -2/28      AC:  2    Str:  4    XL:     5   Next: 2%
Magic:  1/15       EV: 13    Int: 24    God:    Gozag
Gold:   199        SH:  0    Dex: 13    Spells: 7/16 levels left

rFire    . . .     SeeInvis .   (no weapon)
rCold    . . .     Gourm    .   (no shield)
rNeg     . . .     Faith    .   a - +0 robe
rPois    .         Spirit   .   b - +0 hat
rElec    .         Reflect  .   h - scarf {repulsion}
rCorr    .         Harm     .   (no gloves)
MR       .....                  (no boots)
Stlth    ++........             g - amulet of inaccuracy (curse)
HPRegen  0.09/turn              (no ring)
MPRegen  0.14/turn              (no ring)

@: repel missiles
A: no striking features
a: Potion Petition, Call Merchant, Bribe Branch, Renounce Religion


You were on level 3 of the Dungeon.
You worshipped Gozag.
Gozag was aware of your devotion.
You were not hungry.

You visited 1 branch of the dungeon, and saw 3 of its levels.

You collected 231 gold pieces.
You paid 32 gold pieces to Gozag.

Inventory:

Armour
 a - a +0 robe (worn)
 b - a +0 hat (worn)
 h - a scarf of repulsion (worn)
Magical Staves
 k - a cursed staff of wizardry {unknown}
Jewellery
 g - a cursed amulet of inaccuracy (around neck)
 m - a +6 ring of intelligence {unknown}
Scrolls
 c - 2 scrolls of magic mapping {unknown}
 f - 6 scrolls of identify {unknown}
 i - a scroll of teleportation {unknown}
 j - a scroll of fog {unknown}
 o - a scroll of remove curse {unknown}
 p - a scroll of enchant armour {unknown}
Potions
 l - a potion of degeneration {unknown}
 n - a potion of heal wounds {unknown}
Comestibles
 d - 3 rations


   Skills:
 + Level 2.9 Dodging
 + Level 3.3 Stealth
 + Level 6.0 Spellcasting
 + Level 2.3 Conjurations
   Level 1.1 Summonings
 + Level 1.1 Translocations
 * Level 1.0 Fire Magic
 + Level 1.0 Air Magic
 + Level 1.1 Poison Magic


You had 7 spell levels left.
You knew the following spells:

 Your Spells              Type           Power        Failure   Level  Hunger
a - Magic Dart            Conj           ###.         3%          1    None
b - Blink                 Tloc           N/A          8%          2    None
c - Conjure Flame         Conj/Fire      ###.....     12%         3    #......
d - Mephitic Cloud        Conj/Pois/Air  ##......     13%         3    #......

Your spell library contained the following spells:

 Spells                   Type           Power        Failure   Level  Hunger
 Call Imp                 Summ           ##......     8%          2    None
 Slow                     Hex            #.......     12%         2    None


Dungeon Overview and Level Annotations

Branches:
Dungeon (3/15)

Altars:
Gozag
Zin

Annotations:
D:2 Terence


Message History

Really attack unarmed?
Okay, then.
Unknown command.
The orc wizard points at you and mumbles some strange words.
The magic dart hits you!
* * * LOW HITPOINT WARNING * * *
It was a potion of curing.
You feel better. The orc misses you. The orc wizard closely misses you.
Saving game... please wait.
Welcome back, H0rd4k the Deep Elf Wizard.
Gozag says: Greed is good.
Press ? for a list of commands and other information.
You feel better.
The orc wizard hits you with a +0 dagger.
The orc barely misses you. The orc wizard misses you.
The orc hits you with a +0 flail!
* * * LOW HITPOINT WARNING * * *
The orc wizard hits you with a +0 dagger.
You die...
Your body crumbles into a pile of gold.

. ##............ .
#(....######## #
###.##...## .........#
###.###.## # #o# #.#
#.######## #..o@o...#
#########..#####.#
#..........# #.#
#.#######..# ###.#####
#####.# #..# #...)...#
#.....#
#####..###.#.###.#
#.###.###............#
#.# #.#
#.....#.....###### #.#
#.###.######...## #.#


You could see an orc wizard (fast) and an orc.

Vanquished Creatures
  An orc wizard (D:3)
  6 adders
  A worm (D:2)
  A dart slug (D:1)
  6 orcs (D:3)
  4 giant cockroaches
  4 goblins
  3 hobgoblins
  9 jackals
  2 kobolds
  A quokka (D:2)
  5 bats
  4 frilled lizards
  5 rats
52 creatures vanquished.

Notes
Turn   | Place    | Note
-------+----------+-------------------------------------------
     0 | D:1      | H0rd4k the Deep Elf Wizard began the quest for the Orb.
     0 | D:1      | Reached XP level 1. HP: 10/10 MP: 7/7
   293 | D:1      | Reached XP level 2. HP: 15/15 MP: 1/9
   778 | D:1      | Reached skill level 5 in Spellcasting
  1088 | D:1      | Reached XP level 3. HP: 13/19 MP: 4/11
  1178 | D:1      | Learned a level 2 spell: Blink
  1182 | D:1      | Learned a level 3 spell: Conjure Flame
  1186 | D:1      | Learned a level 3 spell: Mephitic Cloud
  1309 | D:2      | Noticed Terence
  1922 | D:2      | Reached XP level 4. HP: 23/24 MP: 5/13
  2024 | D:2      | Found an opulent altar of Gozag.
  2095 | D:2      | Became a worshipper of Gozag Ym Sagoz the Greedy
  2156 | D:2      | Found a glowing silver altar of Zin.
  3369 | D:3      | Reached skill level 1 in Poison Magic
  3500 | D:3      | Reached skill level 1 in Air Magic
  3543 | D:3      | Reached skill level 6 in Spellcasting
  3543 | D:3      | Reached skill level 1 in Fire Magic
  3543 | D:3      | Reached XP level 5. HP: 28/28 MP: 6/15
  3587 | D:3      | Slain by an orc wizard

Illustrated notes

Levels and vault maps discovered:
D:1:      evilmike_arrival_crescent, layout_loops_ring
D:2:      layout_basic, zin_academy, grunt_gozag_breadcrumbs,
          serial_bayou_pond_b, uniq_terence
D:3:      layout_loops_corners, first_ration, kennysheep_generic_room_5

Skill      XL: |  1  2  3  4 |
---------------+-------------+-----
Stealth        | 3 |  3.3
Spellcasting   | 5 6 |  6.0
Conjurations   | 2 |  2.3
Poison Magic   | 1 |  1.1
Air Magic      | 1 |  1.0
Fire Magic     | 1 |  1.0
Dodging        | |  2.9
Summonings     | |  1.1
Translocations | |  1.1

Action                   |  1- 3 |  4- 6 || total
-------------------------+-------+-------++-------
Melee: Unarmed           |     4 |       ||     4
 Cast: Magic Dart        |    79 |    81 ||   160
  Use: Potion            |       |     2 ||     2
  Eat: Chunk             |     3 |     1 ||     4
       Ration            |       |     1 ||     1
Armor: Robe              |     7 |     4 ||    11
Dodge: Dodged            |    46 |    21 ||    67
